 Dungeon Crawl Stone Soup version 0.28.0-43-g3370ac3207 (webtiles) character file.

Game seed: 4146607578045156717

17297 Pinkishskies the Thaumaturge (level 12, -5/72 HPs)
             Began as a Djinni Fire Elementalist on Mar 10, 2022.
             Was an Initiate of Ashenzari.
             Hit by a javelin thrown by Urug (16 damage)
             ... on level 11 of the Dungeon.
             The game lasted 01:19:22 (20042 turns).

Pinkishskies the Thaumaturge (DjFE)                Turns: 20042, Time: 01:19:23

Health: -5/72      AC: 16    Str:  7    XL:     12   Next: 80%
Gold:   712        EV: 13    Int: 28    God:    Ashenzari [......] SH:  0 Dex: 14

rFire   + + .      SeeInvis .   n - staff of conjuration
rCold   x . .      Faith    .   (no shield)
rNeg    . . .      Spirit   .   N - +2 troll leather armour {Snorg}
rPois   ∞          Reflect  .   w - +2 helmet
rElec   .          Harm     .   (no cloak)
rCorr   .          Rampage  .   d - +1 pair of gloves
Will    +....                   (boots unavailable)
Stlth   ++........              v - amulet of the acrobat
HPRegen 1.02/turn               l - +4 ring of protection
MPRegen 0.00/turn               S - +6 ring of intelligence

@: flying
A: sickness immunity, fire resistance 2, cold vulnerability 1, float, innate
caster, HP casting, extra vitality 1
a: Renounce Religion, Curse Item


You were on level 11 of the Dungeon.
You worshipped Ashenzari.
Ashenzari was noncommittal.
You visited 3 branches of the dungeon, and saw 15 of its levels.
You also visited: Bailey.

You collected 742 gold pieces.
You spent 30 gold pieces at shops.

Inventory:

Missiles
 y - a throwing net
Armour
 a - a +0 robe
 d - a +1 pair of gloves (worn)
 r - a +0 leather armour
 w - a +2 helmet (worn)
 D - an orb of wrath
 H - a +0 ring mail of cold resistance
 I - a +1 leather armour of cold resistance
 J - a +2 chain mail of fire resistance
 N - a +2 troll leather armour (worn) {Snorg}
 Q - a +2 helmet
Magical Staves
 n - a staff of conjuration (weapon)
Jewellery
 l - a +4 ring of protection (left hand)
 p - a +4 ring of evasion
 t - a +4 ring of protection
 v - an amulet of the acrobat (around neck)
 B - a ring of see invisible
 E - a ring of protection from fire
 P - an amulet of reflection
 S - a +6 ring of intelligence (right hand)
Wands
 e - a wand of digging (4)
 o - a wand of charming (1)
 A - a wand of flame (31)
 K - a wand of paralysis (10)
Scrolls
 b - a scroll of silence {unknown}
 c - a scroll of magic mapping
 g - a scroll of blinking {unknown}
 h - a scroll of brand weapon
 j - a scroll of fear {unknown}
 m - a scroll of enchant weapon {unknown}
 u - a scroll of teleportation
 C - a scroll of immolation
 F - 2 scrolls of noise {unknown}
 M - a scroll of acquirement {unknown}
Potions
 f - 2 potions of flight
 i - 2 potions of curing
 k - 3 potions of attraction {unknown}
 s - 2 potions of mutation {unknown}
 x - a potion of might {unknown}
 z - 3 potions of resistance {unknown}
 G - 2 potions of degeneration {unknown}
 L - 2 potions of ambrosia {unknown}
 O - a potion of cancellation {unknown}
 T - 2 potions of lignification
Miscellaneous
 R - a tin of tremorstones (2/2)


   Skills:
 - Level 1.0 Fighting
 + Level 4.5 Armour
 + Level 4.8 Dodging
 + Level 3.9 Stealth
 * Level 14.5 Spellcasting
 + Level 0.2 Evocations


You had 12 spell levels left.
You knew the following spells:

 Your Spells              Type           Power      Damage    Failure   Level
a - Foxfire               Conj/Fire      100%       2x1d9     0%          1
b - Scorch                Fire           100%       2d10      0%          2
c - Conjure Flame         Conj/Fire      100%       6-21      1%          3
d - Inner Flame           Hex/Fire       80%        N/A       1%          3
e - Flame Wave            Conj/Fire      100%       2d17      1%          4
f - Apportation           Tloc           100%       N/A       0%          1
g - Blink                 Tloc           100%       N/A       0%          2
h - Summon Guardian Gole  Hex/Summ       80%        N/A       1%          3
i - Ice Form              Ice/Tmut       80%        N/A       1%          4
j - Borgnjor's Vile Clut  Necr/Erth      40%        N/A       1%          5
Your spell library was empty.

Dungeon Overview and Level Annotations

Branches:
Dungeon (13/15)            Temple (1/1) D:5            Lair (0/6) D:8
    Orc (1/2) D:9          Bailey (visited)
 Vaults: D:13-14

Altars:
Ashenzari
Cheibriados
Dithmenos
Elyvilon
Fedhas
Gozag
Hepliaklqana
Kikubaaqudgha
Makhleb
Nemelex Xobeh
Okawaru
Qazlal
Ru
Sif Muna
Trog
Uskayaw
Vehumet
Wu Jian
Xom
Yredelemnul
Zin
The Shining One

Shops:
D:3 *   D:5 ?   D:10 :

Annotations:
D:3 Sigmund
D:4 Dowan, Duvessa
D:10 1 runed translucent door, nickcage's ghost, journeyman DrVM
D:11 Urug


Innate Abilities, Weirdness & Mutations

You are immune to sickness and miasma.
You are immune to poison.
Your flesh is very heat resistant. (rF++)
You are vulnerable to cold. (rC-)
You float through the air rather than walking.
You learn spells naturally, not from books.
Your magical power is your life essence.
You have superior vitality. (+4 MHP)


Message History

Level annotation: Urug
There is a stone staircase leading down here.
The skeletal warrior hits you with a +0 vorpal long sword!
You see here 6 poisoned darts.
The white ugly thing trunk-slaps you! The white ugly thing freezes you!!!
You feel a terrible chill!
Ouch! That really hurt!
* * * LOW HITPOINT WARNING * * *
Casting: Scorch (safe; 0% risk of failure)
Confirm with . or Enter, or press ? or * to list all spells.
You blink.
* * * LOW HITPOINT WARNING * * *
There is a stone staircase leading up here.
You fly upwards.
There is a stone staircase leading down here.
You start resting.
HP restored.
Sorry, I don't know how to traverse that place.
Sorry, I don't know how to traverse that place.
There is a stone staircase leading down here.
You fly downwards.
Level annotation: Urug Urug squints, then shrugs and mutters, "Close enough."
Urug hits you with a +6 broad axe of flaming!
Urug burns you.
Urug hits you with a +6 broad axe of flaming!!
Urug burns you.
There is a stone staircase leading up here.
Urug hits you with a +6 broad axe of flaming!!
* * * LOW HITPOINT WARNING * * *
Urug burns you.
* * * LOW HITPOINT WARNING * * *
You fly upwards.
There is a stone staircase leading down here.
Casting: Blink (safe; 0% risk of failure)
Confirm with . or Enter, or press ? or * to list all spells.
You blink.
* * * LOW HITPOINT WARNING * * *
Urug throws a javelin.
The javelin pierces through you!
You die...

....)....# ##.#
#....... .........#
#..## #.......
#.......## #.#.#
#....... ##......#
###.#########.......
###...##
#..#..............
#####
##................
##................
##.................
##.@................
#..............^....
##...§..........##..
####.o.......#####.
##.......## #.
##..#....## #.
#..##....# ##
##.###....## # ##.##
#.....####


You could see Urug.

Vanquished Creatures
  Snorg (D:10)
  A centaur warrior (D:9)
  A two-headed ogre (D:12)
  An orc knight (Bailey)
  A deep elf pyromancer (D:12)
  An ugly thing (D:8)
  3 slime creatures (D:12)
  2 manticores (D:12)
  2 gargoyles (D:12)
  A kobold demonologist (D:12)
  Maggie (D:6)
  A komodo dragon (D:12)
  A troll (D:12)
  A meliai zombie (D:11)
  A shadow (D:10)
  7 yaks
  A wyvern (D:10)
  A wraith (D:12)
  A steam dragon (D:7)
  Edmund (D:6)
  An acid dragon (D:10)
  A water moccasin (D:7)
  7 orc warriors
  3 sky beasts
  3 black bears (D:8)
  A hornet zombie (D:8)
  2 ice beasts
  A kobold brigand (D:7)
  Blork the orc (D:4)
  5 bullfrogs
  3 scorpions
  A wyvern skeleton (D:6)
  A gnoll sergeant (D:9)
  3 killer bees (D:8)
  13 wights
  A howler monkey (D:4)
  A human zombie (D:8)
  2 centaur zombies (D:8)
  A gnoll shaman (D:7)
  2 hounds
  3 jellies
  2 orc priests
  Crazy Yiuf (D:3)
  Terence (D:2)
  2 iguanas
  7 orc wizards
  2 mummies (D:8)
  13 gnolls
  2 howler monkey zombies (D:8)
  7 adders
  A shadow imp (D:7)
  A white imp (D:6)
  3 ufetubi (D:4)
  An adder skeleton (D:4)
  3 dart slugs
  39 orcs
  6 ball pythons
  9 endoplasms
  3 giant cockroaches
  5 hobgoblins
  3 jackals (D:5)
  12 kobolds
  3 quokkas
  4 bats
  5 frilled lizards
  5 goblins
  7 rats
233 creatures vanquished.

Vanquished Creatures (others)
  A hydra (D:9)
  A boulder beetle (D:12)
  4 two-headed ogres
  An ugly thing (D:12)
  A gargoyle (D:11)
  2 yaks
  A water moccasin (D:8)
  An orc warrior (D:9)
  A kobold brigand (D:9)
  A howler monkey (D:9)
  4 orcs
  930 foxfires
  49 fungi
  59 plants
1056 creatures vanquished.

Grand Total: 1289 creatures vanquished

Notes
Turn   | Place    | Note
-------+----------+-------------------------------------------
     0 | D:1      | Pinkishskies the Djinni Fire Elementalist began the quest
                  | for the Orb.
     0 | D:1      | Reached XP level 1. HP: 15/15 MP: 0/0
   531 | D:1      | Reached XP level 2. HP: 6/21 MP: 0/0
  1645 | D:1      | Reached skill level 3 in Spellcasting
  1710 | D:1      | Reached XP level 3. HP: 23/25 MP: 0/0
  1710 | D:1      | Learned a level 1 spell: Apportation
  2760 | D:2      | Found a faded altar of an unknown god.
  2776 | D:2      | Noticed Terence
  2784 | D:2      | Killed Terence
  2785 | D:2      | Reached XP level 4. HP: 18/31 MP: 0/0
  3422 | D:3      | Reached XP level 5. HP: 28/35 MP: 0/0
  3422 | D:3      | Learned a level 2 spell: Blink
  3427 | D:3      | Reached skill level 4 in Spellcasting
  3787 | D:3      | Noticed Sigmund
  3898 | D:3      | Reached XP level 6. HP: 31/40 MP: 0/0
  4000 | D:3      | You are sucked into a shaft and drop 3 floors!
  4004 | D:6      | Noticed a sky beast
  4034 | D:5      | Entered Level 5 of the Dungeon
  4036 | D:5      | Noticed an ogre
  4089 | D:5      | Found a staircase to the Ecumenical Temple.
  4254 | D:5      | Found a broken altar of Ashenzari.
  4463 | Temple   | Entered the Ecumenical Temple
  4794 | D:5      | Became a worshipper of Ashenzari the Shackled
  5196 | D:4      | Reached skill level 5 in Spellcasting
  5370 | D:4      | Reached XP level 7. HP: 36/45 MP: 0/0
  5370 | D:4      | Learned a level 3 spell: Summon Guardian Golem
  5469 | D:4      | Noticed Blork the orc
  5475 | D:4      | Killed Blork the orc
  5629 | D:4      | Noticed Duvessa
  5631 | D:4      | Noticed Dowan
  5646 | D:3      | Found Faodwal's Assorted Antiques.
  5899 | D:3      | Found an iron altar of Okawaru.
  6361 | D:3      | Found a runed translucent door.
  6362 | D:3      | Noticed Crazy Yiuf
  6384 | D:3      | Killed Crazy Yiuf
  6967 | D:4      | Reached skill level 6 in Spellcasting
  7418 | D:5      | Reached XP level 8. HP: 39/50 MP: 0/0
  7508 | D:5      | Found Usubb's Magic Scroll Shop.
  7527 | D:5      | Reached skill level 1 in Armour
  7584 | D:5      | Bought a scroll of identify for 30 gold pieces
  7614 | D:5      | Found an opulent altar of Gozag.
  7614 | D:5      | Found a sparkling altar of Nemelex Xobeh.
  7997 | D:6      | Noticed Maggie
  8029 | D:6      | Killed Maggie
  8030 | D:6      | Reached skill level 7 in Spellcasting
  8278 | D:6      | Noticed Edmund
  8287 | D:6      | Killed Edmund
  8288 | D:6      | Reached XP level 9. HP: 48/56 MP: 0/0
  8288 | D:6      | Learned a level 4 spell: Ice Form
  9075 | D:7      | Found a flagged portal.
  9151 | Bailey   | Entered a bailey
  9200 | Bailey   | Reached skill level 8 in Spellcasting
  9407 | Bailey   | Noticed an orc knight
  9441 | Bailey   | Killed an orc knight
 10568 | D:7      | Reached skill level 1 in Fighting
 10568 | D:7      | Reached skill level 9 in Spellcasting
 10568 | D:7      | Reached XP level 10. HP: 44/62 MP: 0/0
 10721 | D:8      | Found a blossoming altar of Fedhas.
 10723 | D:8      | Found a glowing golden altar of the Shining One.
 10748 | D:8      | Found a white marble altar of Elyvilon.
 10856 | D:8      | Found a hazy altar of Hepliaklqana.
 11283 | D:8      | Noticed a two-headed ogre
 11297 | D:8      | Killed a two-headed ogre
 11298 | D:8      | Reached skill level 10 in Spellcasting
 11480 | D:8      | Noticed a green ugly thing
 12207 | D:8      | Found a staircase to the Lair.
 12490 | D:8      | Killed a green ugly thing
 12491 | D:8      | Reached skill level 11 in Spellcasting
 12767 | D:8      | Reached XP level 11. HP: 45/67 MP: 0/0
 12767 | D:8      | Learned a level 5 spell: Borgnjor's Vile Clutch
 13773 | D:9      | Noticed a seven-headed hydra
 14615 | D:9      | Killed a seven-headed hydra
 14937 | D:9      | Found a staircase to the Orcish Mines.
 14976 | D:9      | Noticed a two-headed ogre
 14994 | D:9      | Noticed a two-headed ogre
 15005 | D:9      | Killed a two-headed ogre
 15006 | D:9      | Reached skill level 12 in Spellcasting
 15498 | D:9      | Noticed a centaur warrior
 15507 | D:9      | Killed a centaur warrior
 15841 | D:9      | Killed a two-headed ogre
 16316 | Orc:1    | Entered Level 1 of the Orcish Mines
 16316 | Orc:1    | Noticed an orc sorcerer
 16316 | Orc:1    | Noticed a cyclops
 16507 | D:10     | Entered Level 10 of the Dungeon
 16547 | D:10     | Found a runed translucent door.
 16603 | D:10     | Found a snail-covered altar of Cheibriados.
 16620 | D:10     | Found a burning altar of Makhleb.
 16838 | D:10     | Noticed Snorg
 16852 | D:10     | Killed Snorg
 16977 | D:10     | Noticed nickcage's ghost (journeyman DrVM)
 16978 | D:10     | Noticed a spriggan rider
 16988 | D:10     | Identified the +3 spear "Ziekudok" {antimagic, Str+4 Dex+5}
 17128 | D:10     | Found Doizal's Book Boutique.
 17620 | D:11     | Found a sacrificial altar of Ru.
 17938 | D:11     | Reached skill level 13 in Spellcasting
 17938 | D:11     | Reached XP level 12. HP: 57/72 MP: 0/0
 18635 | D:12     | Noticed Urug
 18732 | D:12     | Noticed a two-headed ogre
 18741 | D:12     | Killed a two-headed ogre
 19090 | D:12     | Noticed a two-headed ogre
 19094 | D:12     | Noticed a boulder beetle
 19102 | D:12     | Killed a two-headed ogre
 19124 | D:12     | Killed a boulder beetle
 19246 | D:12     | Reached skill level 14 in Spellcasting
 19657 | D:13     | Noticed a skeletal warrior
 20042 | D:11     | Hit by a javelin thrown by Urug

Illustrated notes

Levels and vault maps discovered:
D:1:      amcnicky_arrival_feature_with_door, layout_loops_ring,
          kennysheep_flooded_box, minivault_26, chequers_serial_rivers_micro_c,
          minmay_misc_feat_x, wander_ebering_terrifying_dragon_lair
D:2:      layout_basic, hellmonk_ecumenical_altar_pennies_from_heaven,
          uniq_terence
D:3:      layout_loops_corners, okawaru_metal_pillars_3, serial_shops,
          nicolae_shop_behind_doors, uniq_crazy_yiuf_cottage, uniq_sigmund
D:4:      layout_basic, feat_on_display, uniq_duvessa, uniq_blork_the_orc
D:5:      layout_loops_ring, grunt_temple_overflow_opulence,
          mainiacjoe_overflow_small_starburst, minmay_temple_entry_proselytizer,
          serial_shops, shop
D:6:      layout_rooms, uniq_edmund, uniq_maggie
D:7:      layout_gridville, serial_glass, glass_columns_b, glass_columns_c,
          enter_bailey_4, grunt_decor_fettered
D:8:      layout_loops_ring, nicolae_overflow_hallway_of_the_gods,
          lemuel_mausoleum_altar_kikubaaqudgha, due_lair_maze_entry_diamond
D:9:      layout_loops_cross, orc_0_dummy, minivault_23, dk_vineyard_3,
          minivault_27
D:10:     layout_stronghold, mainiacjoe_overflow_boulevard, cheibriados_altar_1,
          ebering_ghost_funeral_grove, serial_shops, shop, uniq_snorg
D:11:     layout_cave_pods, nicolae_ru_great_annihilating_truth
D:12:     layout_roguey, uniq_urug
D:13:     layout_basic, david_vaults_5
Temple:   compressed_dpeg_triangle_lava_temple
Orc:1:    layout_caves

Skill      XL: |  1  2  3  4  5  6  7  8  9 10 11 12 |
---------------+-------------------------------------+-----
Spellcasting   | 3 4 5 6 7 9 11 13 14 | 14.5
Stealth        | 2 3 |  3.9
Armour         | 2 3 4 |  4.5
Dodging        | 3 4 |  4.8
Fighting       | 1 |  1.0
Evocations     | |  0.2

Action                   |  1- 3 |  4- 6 |  7- 9 | 10-12 || total
-------------------------+-------+-------+-------+-------++-------
Melee: Unarmed           |     1 |       |     4 |       ||     5
       Staff             |       |       |    11 |     1 ||    12
 Cast: Foxfire           |    85 |   101 |   277 |   157 ||   620
       Scorch            |     3 |     3 |    21 |   261 ||   288
       Blink             |       |    13 |     1 |     8 ||    22
       Summon Guardian G |       |       |     2 |    87 ||    89
       Inner Flame       |       |       |     2 |     5 ||     7
       Ice Form          |       |       |     2 |     1 ||     3
       Conjure Flame     |       |       |       |     3 ||     3
       Borgnjor's Vile C |       |       |       |     7 ||     7
Evoke: Wand              |       |       |       |     4 ||     4
  Use: Scroll            |       |       |     2 |     6 ||     8
       Potion            |       |       |     3 |     6 ||     9
Armor: Robe              |     2 |     2 |       |       ||     4
       Leather armour    |       |       |    20 |    30 ||    50
       Skin              |       |       |     5 |     4 ||     9
       Troll leather arm |       |       |       |    19 ||    19
Dodge: Dodged            |     4 |     8 |    73 |    90 ||   175
